cohdb
Replays
Latest Replays
All Replays
Popular Replays
Top Player Replays
Match Explorer
How It Works
Community
CoH3 Stats
Reddit
Sign in to upload your games and track your stats! →
Sign in with Steam
Match 43386374
Unlisted
Match 43386374
Overview
Messages
Build Orders
End
Selects Airborne Battlegroup
Selects Heavy Machine Gun Paradrop
Heavy Machine Gun Paradrop
Construct Barracks
Selects Smoke Bombing Run
Riflemen Squad
Heavy Machine Gun Paradrop
Construct Weapon Support Center
Bazooka Squad
Air Support Center
Riflemen Squad
Bazooka Squad
Grasshopper Recon Run
P-47 Strafing Run
P-47 Dive Bomb
Construct Motor Pool
Selects Smoke Bombing Run
Selects Supply Drop
Bazooka Squad
Bazooka Squad
P-47 Strafing Run
Grasshopper Recon Run
Smoke Bombing Run
P-47 Strafing Run
P-47 Dive Bomb
Selects Dual P-47 Rocket Strike
Dual P-47 Rocket Strike
Grasshopper Recon Run
Dual P-47 Rocket Strike
Grasshopper Recon Run
P-47 Strafing Run
Construct Tank Depot
Supply Drop
Dual P-47 Rocket Strike
Selects Paratrooper Squad Paradrop
Selects Anti-tank Gun Team Paradrop
Anti-tank Gun Team Paradrop
Paratrooper Squad Paradrop
Shiro
elFje
HereticCorgi
Mr. Demiks
Ranger1408
Generalfeldmarschall
sergio
ManFrau
0
0
Comments
sign in to comment!
No comments posted yet!